[Event "57th Biel Festival ATO 2024"]
[Site "Biel"]
[Date "2024.07.18"]
[Round "3.34"]
[White "Wipf, Armin"]
[Black "Richard, Jean-Paul"]
[Result "0-1"]
[ECO "B31"]
[WhiteElo "1643"]
[BlackElo "1796"]
[Annotator "NA RC"]
[PlyCount "54"]
[EventDate "2024.07.03"]
[EventType "swiss"]
[EventCountry "SUI"]
[SourceTitle "playchess.com"]
[Source "ChessBase"]
[SourceQuality "1"]
[TimeControl "40/5400+30:1800+30"]

1. e4 c5 2. Nf3 Nc6 3. Bb5 g6 4. Bxc6 dxc6 5. O-O Bg7 6. c3 Nf6 7. d3 Nd7 8. Bf4 e5 9. Bg5 f6 10. Be3 O-O 11. Nbd2 b6 12. Nb3 Ba6 13. Re1 c4 14. dxc4 Bxc4 15. Nbd2 Be6 16. Nb3 Qe7 17. h3 Rad8 18. Qc2 h6 19. Rad1 f5 20. exf5 gxf5 21. Bc1 c5 22. c4 e4 23. Nh2 Ne5 24. Nf1 Bxc4 25. Ne3 Bd3 26. Qd2 Qg5 27. Nc2 Nf3+ 0-1

[Event "57th Biel Festival ATO 2024"]
[Site "Biel"]
[Date "2024.07.18"]
[Round "3.35"]
[White "Christoffersen, Odd"]
[Black "Lachausse, Bruno"]
[Result "1/2-1/2"]
[ECO "B40"]
[WhiteElo "1676"]
[BlackElo "1787"]
[Annotator "NA"]
[PlyCount "76"]
[EventDate "2024.07.03"]
[EventType "swiss"]
[EventCountry "SUI"]
[SourceTitle "playchess.com"]
[Source "ChessBase"]
[SourceQuality "1"]
[TimeControl "40/5400+30:1800+30"]

1. e4 c5 2. Nf3 e6 3. g3 d5 4. exd5 exd5 5. d4 Nf6 6. Bg2 Be7 7. O-O O-O 8. dxc5 Nc6 9. Nbd2 Bxc5 10. Nb3 Bb6 11. Bg5 h6 12. Bxf6 Qxf6 13. c3 Be6 14. Qd2 Rad8 15. Nfd4 Bc8 16. f4 Rfe8 17. Kh1 a6 18. Rae1 Qd6 19. Qd3 Re7 20. Rxe7 Qxe7 21. Nf3 Qf6 22. Nbd4 g6 23. Re1 Qd6 24. h3 Kg7 25. Qd1 Ne7 26. Qe2 Nf5 27. Nxf5+ Bxf5 28. Nd4 Bc8 29. Qd3 Bc7 30. Re3 b5 31. a3 Rd7 32. Nf3 Bb6 33. Nd4 Bb7 34. Qe2 Bc7 35. h4 Bc8 36. h5 Qf6 37. Bh3 Rd8 38. Bxc8 Rxc8 1/2-1/2

[Event "57th Biel Festival ATO 2024"]
[Site "Biel"]
[Date "2024.07.18"]
[Round "3.36"]
[White "Pantillon, Patrick Andre"]
[Black "Ademi, Rexhe"]
[Result "1-0"]
[ECO "A02"]
[WhiteElo "1782"]
[BlackElo "1635"]
[Annotator "NA RC"]
[PlyCount "101"]
[EventDate "2024.07.03"]
[EventType "swiss"]
[EventCountry "SUI"]
[SourceTitle "playchess.com"]
[Source "ChessBase"]
[SourceQuality "1"]
[TimeControl "40/5400+30:1800+30"]

1. f4 Nf6 2. Nc3 d6 3. Nf3 g6 4. e4 Bg4 5. h3 Bxf3 6. Qxf3 Bg7 7. Bc4 O-O 8. d3 Nc6 9. Be3 e5 10. f5 Nd4 11. Bxd4 exd4 12. Ne2 c5 13. O-O Kh8 14. Kh1 Qe7 15. g4 Rae8 16. g5 d5 17. gxf6 Bxf6 18. Bxd5 Qe5 19. Ng3 Bg5 20. Qg4 Be3 21. Rf3 Qg7 22. Raf1 h5 23. Nxh5 gxh5 24. Qxh5+ Qh7 25. Qxh7+ Kxh7 26. b3 b6 27. Rg3 Re7 28. Rg4 f6 29. Rf3 Rg7 30. Rh4+ Bh6 31. Rff4 Rg5 32. Rfg4 Kg7 33. Rxg5+ Bxg5 34. Rg4 Rh8 35. Kg2 Kf8 36. e5 Ke7 37. Kg3 Bh6 38. e6 Kd6 39. Bc4 Ke5 40. Re4+ Kd6 41. e7 b5 42. Re6+ Kc7 43. Bxb5 Rg8+ 44. Kf3 Bg5 45. e8=Q Rxe8 46. Bxe8 Kd8 47. Ke4 a5 48. a4 Kc7 49. Kd5 Kd8 50. Kc6 Bf4 51. Bd7 1-0

[Event "57th Biel Festival ATO 2024"]
[Site "Biel"]
[Date "2024.07.18"]
[Round "3.37"]
[White "Moon, Sunwoong"]
[Black "Trachsel, Peter"]
[Result "1-0"]
[ECO "D02"]
[WhiteElo "1661"]
[BlackElo "1782"]
[Annotator "NA RC"]
[PlyCount "87"]
[EventDate "2024.07.03"]
[EventType "swiss"]
[EventCountry "SUI"]
[SourceTitle "playchess.com"]
[Source "ChessBase"]
[SourceQuality "1"]
[TimeControl "40/5400+30:1800+30"]

1. d4 d5 2. Bf4 c6 3. e3 Bf5 4. c4 e6 5. Nc3 Nf6 6. Qb3 Qb6 7. Nf3 Nbd7 8. c5 Qxb3 9. axb3 Be7 10. h3 O-O 11. Be2 Rfe8 12. b4 a6 13. O-O Rec8 14. Nh4 Bc2 15. Rfc1 Bg6 16. Nxg6 hxg6 17. f3 Nh5 18. Bh2 Bd8 19. e4 Bg5 20. Rd1 Bf4 21. g4 Bxh2+ 22. Kxh2 Nf4 23. Bf1 g5 24. Kg3 Ng6 25. Bd3 Nf4 26. exd5 Nxd5 27. Nxd5 exd5 28. Bf5 Rc7 29. Re1 Nf8 30. Re5 f6 31. Re2 Kf7 32. f4 gxf4+ 33. Kxf4 g6 34. Bd3 Ne6+ 35. Rxe6 Kxe6 36. Bxg6 Re7 37. h4 Kd7 38. h5 Rh8 39. Kf5 Rf8 40. h6 Re2 41. Rf1 Re4 42. h7 Rxd4 43. Bf7 Ke7 44. Bg8 1-0

[Event "57th Biel Festival ATO 2024"]
[Site "Biel"]
[Date "2024.07.18"]
[Round "3.38"]
[White "Galerne, Rene"]
[Black "Brandes, Stefan"]
[Result "1-0"]
[ECO "B15"]
[WhiteElo "1773"]
[BlackElo "1624"]
[Annotator "NA RC"]
[PlyCount "113"]
[EventDate "2024.07.03"]
[EventType "swiss"]
[EventCountry "SUI"]
[SourceTitle "playchess.com"]
[Source "ChessBase"]
[SourceQuality "1"]
[TimeControl "40/5400+30:1800+30"]

1. e4 c6 2. d4 d5 3. Nc3 dxe4 4. Nxe4 Nf6 5. Nxf6+ exf6 6. c3 Bd6 7. Bd3 O-O 8. Qc2 Re8+ 9. Be3 h5 10. O-O-O Nd7 11. Nh3 Nf8 12. Nf4 g6 13. h3 Bxf4 14. Bxf4 Be6 15. b3 b5 16. Be4 Bd5 17. f3 f5 18. Bd3 Ne6 19. Qd2 Qa5 20. Kb2 c5 21. c4 Qxd2+ 22. Bxd2 bxc4 23. bxc4 Bc6 24. d5 Ba4 25. dxe6 Bxd1 26. exf7+ Kxf7 27. Rxd1 Rad8 28. Bg5 Rd4 29. Kc3 f4 30. Bh4 Re5 31. Re1 Re3 32. Rxe3 fxe3 33. Bg5 e2 34. Bxe2 Rd6 35. Bd3 Ra6 36. Kb2 Rb6+ 37. Ka1 Re6 38. Be4 Re5 39. Bf4 Re7 40. Bd6 Rd7 41. Bd5+ Kf6 42. Bxc5 Ke5 43. Be3 Kf5 44. g4+ Kf6 45. f4 hxg4 46. hxg4 Rh7 47. Bd4+ Ke7 48. g5 Rh2 49. Be5 Rf2 50. c5 Rf1+ 51. Kb2 Rf2+ 52. Kb3 a5 53. Bd6+ Kd8 54. Ka4 Rd2 55. Bf7 Kd7 56. Kxa5 Kc6 57. a4 1-0

[Event "57th Biel Festival ATO 2024"]
[Site "Biel"]
[Date "2024.07.18"]
[Round "3.39"]
[White "Fernandez Van Raap, Marcela"]
[Black "Retti, Marco"]
[Result "0-1"]
[ECO "B06"]
[WhiteElo "1613"]
[BlackElo "1772"]
[Annotator "NA RC"]
[PlyCount "48"]
[EventDate "2024.07.03"]
[EventType "swiss"]
[EventCountry "SUI"]
[SourceTitle "playchess.com"]
[Source "ChessBase"]
[SourceQuality "1"]
[TimeControl "40/5400+30:1800+30"]

1. e4 g6 2. d4 Bg7 3. Nf3 Nf6 4. Nc3 O-O 5. e5 Ne8 6. Bc4 a6 7. Bg5 d6 8. Nd5 Nc6 9. Qd2 Be6 10. Nxe7+ Nxe7 11. d5 dxe5 12. dxe6 f6 13. O-O-O Nd6 14. Bxf6 Bxf6 15. Bb3 Kg7 16. Qe2 Nc6 17. Rhe1 Qe7 18. a3 Rad8 19. Kb1 e4 20. Nd2 Nd4 21. Qg4 Nxb3 22. Nxb3 Bxb2 23. Kxb2 Nc4+ 24. Kc1 Qxa3+ 0-1

[Event "57th Biel Festival ATO 2024"]
[Site "Biel"]
[Date "2024.07.18"]
[Round "3.40"]
[White "Harte, Bernd"]
[Black "Boillat, Maxime"]
[Result "1-0"]
[ECO "A00"]
[WhiteElo "1592"]
[BlackElo "1768"]
[Annotator "NA"]
[PlyCount "86"]
[EventDate "2024.07.03"]
[EventType "swiss"]
[EventCountry "SUI"]
[SourceTitle "playchess.com"]
[Source "ChessBase"]
[SourceQuality "1"]
[TimeControl "40/5400+30:1800+30"]

1. g4 d5 2. Bg2 Bxg4 3. c4 c6 4. Qb3 Nf6 5. Qxb7 Nbd7 6. cxd5 cxd5 7. Nc3 e6 8. d3 Bc5 9. Bf4 O-O 10. b4 Bd4 11. Rc1 Rc8 12. Bd2 Ne5 13. a3 Rc7 14. Qa6 Rc6 15. Qb7 Re8 16. Na4 Re7 17. Qb5 a6 18. Qa5 Rxc1+ 19. Bxc1 Qxa5 20. bxa5 Rc7 21. Bd2 Rc2 22. f4 Ned7 23. Nf3 Bxf3 24. Bxf3 Ra2 25. e3 Ba7 26. Bc1 Ne8 27. Bd1 Nc5 28. Nxc5 Bxc5 29. Bb3 Ra1 30. O-O Bxa3 31. Bxa3 Rxa3 32. Rb1 Rxa5 33. e4 dxe4 34. dxe4 Rb5 35. Kf2 g6 36. Ke3 Kg7 37. Kd4 Nd6 38. e5 Nb7 39. Kc4 Na5+ 40. Kc3 Rxb3+ 41. Rxb3 Nxb3 42. Kxb3 Kh6 43. Ka4 Kh5 1-0

[Event "57th Biel Festival ATO 2024"]
[Site "Biel"]
[Date "2024.07.18"]
[Round "3.41"]
[White "Zarriess, Benjamin"]
[Black "Ahn, Taehyun"]
[Result "1/2-1/2"]
[ECO "B29"]
[WhiteElo "1767"]
[BlackElo "1583"]
[Annotator "NA RC"]
[PlyCount "32"]
[EventDate "2024.07.03"]
[EventType "swiss"]
[EventCountry "SUI"]
[SourceTitle "playchess.com"]
[Source "ChessBase"]
[SourceQuality "1"]
[TimeControl "40/5400+30:1800+30"]

1. e4 c5 2. Nf3 Nf6 3. e5 Nd5 4. Nc3 Nxc3 5. dxc3 d6 6. Bb5+ Bd7 7. Bxd7+ Qxd7 8. exd6 exd6 9. O-O Nc6 10. Re1+ Be7 11. Bf4 O-O 12. Qd3 Rfe8 13. Rad1 Red8 14. Ng5 g6 15. Qd5 h6 16. Nf3 h5 1/2-1/2

[Event "57th Biel Festival ATO 2024"]
[Site "Biel"]
[Date "2024.07.19"]
[Round "4.1"]
[White "Kuenzi, Anton"]
[Black "Kulikov, Mikhail L"]
[Result "1-0"]
[ECO "A13"]
[WhiteElo "1862"]
[BlackElo "1954"]
[Annotator "RC"]
[PlyCount "89"]
[EventDate "2024.07.03"]
[EventType "swiss"]
[EventCountry "SUI"]
[SourceTitle "playchess.com"]
[Source "ChessBase"]
[SourceQuality "1"]
[TimeControl "40/5400+30:1800+30"]

1. Nf3 Nf6 2. b3 e6 3. Bb2 d5 4. c4 Be7 5. e3 O-O 6. Nc3 b6 7. cxd5 exd5 8. Rc1 Bb7 9. d4 Re8 10. Ne5 Bd6 11. Bd3 a6 12. f4 c5 13. O-O cxd4 14. exd4 Nbd7 15. Qf3 b5 16. Kh1 Nf8 17. g4 Ne4 18. Nxe4 dxe4 19. Bxe4 Bxe4 20. Qxe4 Qh4 21. Qf5 f6 22. Nf3 Qh3 23. Qd5+ Kh8 24. Ng1 Qxg4 25. Qxd6 Rad8 26. Qc6 Ng6 27. Qg2 Qf5 28. Qh3 Qd5+ 29. Qf3 Qf5 30. Rc5 Qd7 31. f5 Nh4 32. Qc6 Qe7 33. Rc2 Rd6 34. Qc3 Qe4+ 35. Nf3 Rdd8 36. Qc6 Qxf5 37. Rcf2 Rc8 38. Nxh4 Qg4 39. Rf4 Qe2 40. Qg2 g5 41. R4f2 Qh5 42. d5 Qxh4 43. Bxf6+ Kg8 44. Bxg5 Qh5 45. d6 1-0

[Event "57th Biel Festival ATO 2024"]
[Site "Biel"]
[Date "2024.07.19"]
[Round "4.2"]
[White "Andrzejewska, Anna"]
[Black "Schmid, Nicola"]
[Result "1-0"]
[ECO "C01"]
[WhiteElo "1933"]
[BlackElo "1888"]
[Annotator "RC"]
[PlyCount "55"]
[EventDate "2024.07.03"]
[EventType "swiss"]
[EventCountry "SUI"]
[SourceTitle "playchess.com"]
[Source "ChessBase"]
[SourceQuality "1"]
[TimeControl "40/5400+30:1800+30"]

1. e4 e6 2. d4 a6 3. c4 c5 4. d5 b5 5. Nf3 exd5 6. exd5 Bd6 7. cxb5 Nf6 8. Nc3 O-O 9. Be2 Bb7 10. O-O Re8 11. Bg5 h6 12. Bh4 axb5 13. Nxb5 Bf8 14. Bxf6 gxf6 15. d6 Na6 16. Nh4 Re5 17. f4 Rd5 18. Qe1 Qb6 19. Bc4 Rh5 20. Qg3+ Bg7 21. Qg4 Rxh4 22. Qxh4 Qc6 23. Qg3 Re8 24. Rae1 Rf8 25. a3 f5 26. Re7 Kh8 27. Rfe1 Rg8 28. Bxf7 1-0

[Event "57th Biel Festival ATO 2024"]
[Site "Biel"]
[Date "2024.07.19"]
[Round "4.3"]
[White "Noh, Jinwoo"]
[Black "Oestmann, Lukas"]
[Result "1/2-1/2"]
[ECO "B42"]
[WhiteElo "1824"]
[BlackElo "1926"]
[Annotator "RC"]
[PlyCount "193"]
[EventDate "2024.07.03"]
[EventType "swiss"]
[EventCountry "SUI"]
[SourceTitle "playchess.com"]
[Source "ChessBase"]
[SourceQuality "1"]
[TimeControl "40/5400+30:1800+30"]

1. e4 c5 2. Nf3 e6 3. d4 cxd4 4. Nxd4 a6 5. Bd3 Qc7 6. Qe2 Nf6 7. O-O h5 8. h3 Bc5 9. Be3 b6 10. a3 Bb7 11. b4 Be7 12. Nd2 d5 13. f3 Nbd7 14. Rac1 Qg3 15. Bf2 Qe5 16. exd5 Qxe2 17. Nxe2 Bxd5 18. Nf4 a5 19. c4 Bc6 20. c5 bxc5 21. b5 Bd5 22. Bc4 O-O 23. Ne4 Bxe4 24. fxe4 g5 25. Nxe6 fxe6 26. Bxe6+ Kg7 27. e5 Nxe5 28. Bxc5 Bxc5+ 29. Rxc5 Ng6 30. Rxg5 Kh6 31. Rgf5 Ne4 32. Rxf8 Rxf8 33. Rxf8 Nxf8 34. Bc8 Nc5 35. b6 Kg5 36. g3 Ng6 37. h4+ Kf6 38. Kf2 Ke5 39. Ke3 Ne7 40. b7 Nc6 41. g4 hxg4 42. Bxg4 Nxb7 43. Kd3 Nd6 44. Kc3 Kd5 45. Kb3 Kc5 46. h5 Nf7 47. Be6 Nd4+ 48. Ka4 Nxe6 49. Kxa5 Nf4 50. Ka4 Nxh5 51. Kb3 Kb5 52. a4+ Ka5 53. Kc4 Nf6 54. Kc5 Ne4+ 55. Kd5 Nc3+ 56. Kc5 Na2 57. Kd5 Nb4+ 58. Kc5 Na6+ 59. Kd5 Nd8 60. Kc4 Nb7 61. Kd5 Kb6 62. a5+ Kb5 63. Kd4 Nd8 64. Kd5 Nc6 65. Kd6 Ncb4 66. Ke5 Kc5 67. Ke4 Nc6 68. Ke3 Kd5 69. Kd3 Na7 70. Ke3 Nc6 71. Kd3 Ne5+ 72. Ke3 Ng6 73. Kd3 Nf4+ 74. Ke3 Ke5 75. Kd2 Kd4 76. Kd1 Kd3 77. Ke1 Ke3 78. Kd1 Nd5 79. Kc1 Kd3 80. Kd1 Nc3+ 81. Kc1 Na4 82. Kd1 Nb2+ 83. Kc1 Kc3 84. Kb1 Nd3 85. Ka2 Kc2 86. Ka3 Ndc5 87. Ka2 Ne6 88. Ka3 Nd4 89. Ka4 Kc3 90. Ka3 Nc5 91. a6 Nb5+ 92. Ka2 Na7 93. Ka3 Nd3 94. Ka4 Kc4 95. Ka5 Kc5 96. Ka4 Kc4 97. Ka5 1/2-1/2

[Event "57th Biel Festival ATO 2024"]
[Site "Biel"]
[Date "2024.07.19"]
[Round "4.4"]
[White "Kuenzli, Simon"]
[Black "Yu, Tianxiang Carlos"]
[Result "1/2-1/2"]
[ECO "B52"]
[WhiteElo "1919"]
[BlackElo "1769"]
[Annotator "RC"]
[PlyCount "62"]
[EventDate "2024.07.03"]
[EventType "swiss"]
[EventCountry "SUI"]
[SourceTitle "playchess.com"]
[Source "ChessBase"]
[SourceQuality "1"]
[TimeControl "40/5400+30:1800+30"]

1. e4 c5 2. Nf3 d6 3. Bb5+ Bd7 4. Bxd7+ Qxd7 5. c4 Nf6 6. Nc3 Nc6 7. O-O g6 8. d4 cxd4 9. Nxd4 Bg7 10. Nde2 O-O 11. f3 a6 12. Be3 Ne5 13. b3 b5 14. Nd5 Qb7 15. Nb6 Rab8 16. Rc1 bxc4 17. Nxc4 Nxc4 18. Rxc4 d5 19. exd5 Nxd5 20. Bf2 Rfd8 21. Qb1 h5 22. Rfc1 Rbc8 23. Qe4 e6 24. Nf4 Rxc4 25. Rxc4 Qb8 26. g3 Nxf4 27. Qxf4 Qxf4 28. Rxf4 Rd1+ 29. Kg2 Rd2 30. Ra4 Bc3 31. h4 a5 1/2-1/2

[Event "57th Biel Festival ATO 2024"]
[Site "Biel"]
[Date "2024.07.19"]
[Round "4.5"]
[White "Bracher, Juerg"]
[Black "Nasybullina, Alfia"]
[Result "0-1"]
[ECO "A60"]
[WhiteElo "1864"]
[BlackElo "1997"]
[Annotator "RC"]
[PlyCount "142"]
[EventDate "2024.07.03"]
[EventType "swiss"]
[EventCountry "SUI"]
[SourceTitle "playchess.com"]
[Source "ChessBase"]
[SourceQuality "1"]
[TimeControl "40/5400+30:1800+30"]

1. d4 Nf6 2. c4 c5 3. d5 e6 4. Nc3 exd5 5. cxd5 d6 6. Bg5 h6 7. Bh4 g5 8. Bg3 Nh5 9. e4 Nxg3 10. Bb5+ Nd7 11. hxg3 a6 12. Be2 b5 13. a3 Bg7 14. Qc2 Qe7 15. Nf3 O-O 16. O-O Ne5 17. Nxe5 Bxe5 18. g4 Kg7 19. g3 Rh8 20. Kg2 Qf6 21. Rae1 Rb8 22. Nd1 b4 23. Qc1 Qg6 24. Qe3 Bd4 25. Qd3 Re8 26. f3 Rh8 27. Rh1 h5 28. Rxh5 Rxh5 29. gxh5 Qxh5 30. Rh1 Qg6 31. axb4 Rxb4 32. b3 f5 33. exf5 Qxf5 34. Qxf5 Bxf5 35. Bxa6 Rxb3 36. Re1 Ra3 37. Bc4 Ra4 38. Bb5 Ra1 39. g4 Bg6 40. Kf1 Bf7 41. Bc6 Kf6 42. Ke2 Ra2+ 43. Kd3 Bg6+ 44. Kc4 Ra3 45. Re6+ Kg7 46. Kb5 Bc2 47. Rxd6 Rb3+ 48. Ka6 Bxd1 49. Rd7+ Kg6 50. Rd6+ Bf6 51. Be8+ Kg7 52. Rd7+ Kg8 53. d6 Be2+ 54. Ka7 c4 55. Bf7+ Kf8 56. Bd5 Bd4+ 57. Ka8 Rxf3 58. Rd8+ Kg7 59. Rd7+ Kg6 60. Bxf3 Bxf3+ 61. Kb8 Be5 62. Ka7 Bxg4 63. Rc7 Be6 64. Rc6 Kf7 65. Rc7+ Kf6 66. Rc6 Kf5 67. Rc5 c3 68. Kb7 g4 69. Kc6 g3 70. d7 Bxd7+ 71. Kxd7 g2 0-1

[Event "57th Biel Festival ATO 2024"]
[Site "Biel"]
[Date "2024.07.19"]
[Round "4.6"]
[White "Papaux, Jeremie"]
[Black "Conrad, Vincent"]
[Result "1-0"]
[ECO "D46"]
[WhiteElo "1814"]
[BlackElo "1931"]
[Annotator "RC"]
[PlyCount "64"]
[EventDate "2024.07.03"]
[EventType "swiss"]
[EventCountry "SUI"]
[SourceTitle "playchess.com"]
[Source "ChessBase"]
[SourceQuality "1"]
[TimeControl "40/5400+30:1800+30"]

1. Nf3 Nf6 2. c4 e6 3. Nc3 Bb4 4. Qc2 d5 5. e3 c6 6. d4 Nbd7 7. Bd3 O-O 8. O-O Bxc3 9. bxc3 Re8 10. a4 e5 11. Bf5 e4 12. Bxd7 Nxd7 13. Nd2 Qg5 14. cxd5 cxd5 15. c4 Nf6 16. Nb1 Bg4 17. Kh1 Rac8 18. Nd2 Qh5 19. Ba3 Be2 20. Bd6 Bxf1 21. Rxf1 Qe2 22. c5 Re6 23. Qb2 Qa6 24. a5 b6 25. axb6 axb6 26. Ra1 Qe2 27. h3 b5 28. f3 exf3 29. gxf3 Rxe3 30. Bg3 Qd3 31. Qa2 Re2 32. Bf4 Qf5 1-0

[Event "57th Biel Festival ATO 2024"]
[Site "Biel"]
[Date "2024.07.19"]
[Round "4.7"]
[White "Jud, Marc"]
[Black "Haas, Anthony"]
[Result "1/2-1/2"]
[ECO "D45"]
[WhiteElo "1925"]
[BlackElo "1824"]
[Annotator "RC"]
[PlyCount "106"]
[EventDate "2024.07.03"]
[EventType "swiss"]
[EventCountry "SUI"]
[SourceTitle "playchess.com"]
[Source "ChessBase"]
[SourceQuality "1"]
[TimeControl "40/5400+30:1800+30"]

1. d4 d5 2. Nf3 Nf6 3. e3 e6 4. c4 Be7 5. Nc3 O-O 6. cxd5 exd5 7. h3 Nbd7 8. Bd3 c6 9. O-O Re8 10. e4 dxe4 11. Nxe4 Nxe4 12. Bxe4 Nf6 13. Bc2 Be6 14. Ne5 c5 15. Ba4 Rf8 16. dxc5 Qa5 17. Bb3 Bxb3 18. Qxb3 Bxc5 19. Nc4 Qc7 20. Be3 Bxe3 21. Nxe3 Rac8 22. Rad1 Rfd8 23. Qa3 a6 24. Nf5 Rxd1 25. Rxd1 Rd8 26. Re1 Re8 27. Rxe8+ Nxe8 28. Qe3 Qd7 29. g4 h6 30. Kg2 Nc7 31. Qe5 Qd5+ 32. Qxd5 Nxd5 33. Kf3 Nb4 34. a4 Nd3 35. b3 Nc5 36. Nd6 b5 37. axb5 axb5 38. b4 Nd3 39. Nxb5 Nxb4 40. Nd6 Kf8 41. Nf5 Nd3 42. Ke3 Nc5 43. h4 Ne6 44. Ke4 Ke8 45. Ke5 Kd7 46. f3 f6+ 47. Kd5 h5 48. Nd4 Nxd4 49. Kxd4 hxg4 50. fxg4 g6 51. Kd5 Ke7 52. g5 fxg5 53. hxg5 Kd7 1/2-1/2

[Event "57th Biel Festival ATO 2024"]
[Site "Biel"]
[Date "2024.07.19"]
[Round "4.8"]
[White "Dreke, Frank"]
[Black "Meshach, Felix"]
[Result "0-1"]
[ECO "B33"]
[WhiteElo "1915"]
[BlackElo "1773"]
[Annotator "RC"]
[PlyCount "161"]
[EventDate "2024.07.03"]
[EventType "swiss"]
[EventCountry "SUI"]
[SourceTitle "playchess.com"]
[Source "ChessBase"]
[SourceQuality "1"]
[TimeControl "40/5400+30:1800+30"]

1. e4 c5 2. Nf3 Nc6 3. d4 cxd4 4. Nxd4 Nf6 5. f3 e5 6. Nb5 d6 7. c4 Nh5 8. Be3 f5 9. exf5 Bxf5 10. N1c3 a6 11. g4 Be6 12. gxh5 axb5 13. Nxb5 Be7 14. Qd2 Bh4+ 15. Kd1 d5 16. cxd5 Bxd5 17. Be2 O-O 18. Nc3 Bxf3 19. Bxf3 Qxd2+ 20. Kxd2 Rxf3 21. Ke2 Rf5 22. h6 Nd4+ 23. Kd3 g6 24. Raf1 Nf3 25. Kc2 Raf8 26. Rd1 Nd4+ 27. Bxd4 exd4 28. Rxd4 Bg5 29. Rd7 R8f7 30. Rhd1 Bxh6 31. a4 Bf4 32. h3 h5 33. R1d3 g5 34. b4 g4 35. hxg4 hxg4 36. Ne2 Bh2 37. Rxf7 Rxf7 38. Ng3 Rf4 39. Kc3 Kf7 40. a5 Ke6 41. b5 Ra4 42. a6 bxa6 43. bxa6 Rxa6 44. Ne2 Kf5 45. Kd4 Re6 46. Re3 Rd6+ 47. Kc3 Bf4 48. Re8 Be5+ 49. Kc2 Rg6 50. Kd3 Bd6 51. Ke3 Bc5+ 52. Kd2 g3 53. Nxg3+ Rxg3 54. Ra8 Ke4 55. Re8+ Kd5 56. Rd8+ Bd6 57. Ke2 Kc5 58. Rc8+ Kd4 59. Ra8 Be5 60. Ra4+ Kd5 61. Ra5+ Ke4 62. Kf2 Rb3 63. Ra2 Bd4+ 64. Kg2 Rf3 65. Ra8 Rf2+ 66. Kg3 Rf1 67. Re8+ Be5+ 68. Kg2 Ra1 69. Kf2 Ra2+ 70. Ke1 Kd4 71. Kf1 Bf4 72. Ke1 Kd3 73. Kf1 Be3 74. Rd8+ Ke4 75. Rf8 Bf4 76. Ke1 Kf3 77. Kd1 Rd2+ 78. Ke1 Ke3 79. Re8+ Kf3 80. Rf8 Rc2 81. Kd1 0-1

[Event "57th Biel Festival ATO 2024"]
[Site "Biel"]
[Date "2024.07.19"]
[Round "4.9"]
[White "Jordan, Christina"]
[Black "Kalbermatter, Philipp"]
[Result "0-1"]
[ECO "C10"]
[WhiteElo "1749"]
[BlackElo "1912"]
[Annotator "ChessBase"]
[PlyCount "84"]
[EventDate "2024.07.03"]
[EventType "swiss"]
[EventCountry "SUI"]
[SourceTitle "playchess.com"]
[Source "ChessBase"]
[SourceQuality "1"]
[TimeControl "40/5400+30:1800+30"]

1. e4 e6 2. d4 d5 3. Nc3 Nc6 4. e5 f6 5. Bb5 Bd7 6. Nf3 Qe7 7. O-O Qf7 8. Rb1 Nge7 9. b4 Ng6 10. Bxc6 Bxc6 11. b5 Bd7 12. h4 Be7 13. Re1 f5 14. h5 Nf8 15. Ng5 Bxg5 16. Bxg5 h6 17. Bd2 g6 18. hxg6 Nxg6 19. Re3 O-O-O 20. b6 axb6 21. Nb5 Bxb5 22. Rxb5 Rdg8 23. Rh3 f4 24. Qf3 Qe7 25. Bb4 Qg5 26. Qd1 Nh4 27. g3 fxg3 28. Rxg3 Qf4 29. Qd3 Rxg3+ 30. fxg3 Qxd4+ 31. Kh1 Qxd3 32. cxd3 Nf5 33. Be1 Rg8 34. Kg2 Nd4 35. Rb2 Nc6 36. Re2 Rg5 37. Bd2 Rxe5 38. Rf2 Rf5 39. Re2 Nd4 40. Re3 h5 41. Bc3 e5 42. Re1 Kd7 0-1

[Event "57th Biel Festival ATO 2024"]
[Site "Biel"]
[Date "2024.07.19"]
[Round "4.10"]
[White "Primbetova, Raikhan"]
[Black "Kessler, Meinrad"]
[Result "1-0"]
[ECO "A10"]
[WhiteElo "1534"]
[BlackElo "1874"]
[Annotator "NA RC"]
[PlyCount "101"]
[EventDate "2024.07.03"]
[EventType "swiss"]
[EventCountry "SUI"]
[SourceTitle "playchess.com"]
[Source "ChessBase"]
[SourceQuality "1"]
[TimeControl "40/5400+30:1800+30"]

1. c4 b6 2. Nc3 Bb7 3. d3 e6 4. Nf3 Bb4 5. a3 Bxc3+ 6. bxc3 c5 7. g3 Bxf3 8. exf3 f5 9. Bg2 Ne7 10. f4 Nbc6 11. O-O O-O 12. Re1 Rc8 13. Bb2 Qc7 14. Qe2 Nd8 15. Rac1 Nec6 16. a4 Re8 17. d4 Ne7 18. d5 exd5 19. cxd5 c4 20. Rcd1 d6 21. Ba3 Qd7 22. Rd4 Nf7 23. Rxc4 Rxc4 24. Qxc4 Kf8 25. Qb5 Qxb5 26. axb5 Rc8 27. Rc1 Ke8 28. c4 Kd7 29. Bf1 Nd8 30. Ra1 Rc7 31. Bb2 g6 32. Bd3 Nc8 33. Bc3 Nb7 34. Bb4 Nc5 35. Bxc5 bxc5 36. f3 Ke7 37. g4 Kf6 38. Re1 fxg4 39. Re6+ Kf7 40. fxg4 Re7 41. Rxe7+ Kxe7 42. Kf2 Nb6 43. Ke3 Nd7 44. Kf3 Kf7 45. h4 Kg7 46. g5 Kf7 47. Kg4 Kg7 48. h5 Kf7 49. h6 Kf8 50. Kf3 Kf7 51. Ke3 1-0

[Event "57th Biel Festival ATO 2024"]
[Site "Biel"]
[Date "2024.07.19"]
[Round "4.11"]
[White "Paholok, Igor"]
[Black "Wiesmann, Dominique"]
[Result "0-1"]
[ECO "D05"]
[WhiteElo "1801"]
[BlackElo "1963"]
[Annotator "RC"]
[PlyCount "66"]
[EventDate "2024.07.03"]
[EventType "swiss"]
[EventCountry "SUI"]
[SourceTitle "playchess.com"]
[Source "ChessBase"]
[SourceQuality "1"]
[TimeControl "40/5400+30:1800+30"]

1. d4 Nf6 2. Nf3 d5 3. e3 c5 4. c3 e6 5. Bd3 Nbd7 6. Nbd2 b6 7. e4 cxd4 8. e5 dxc3 9. bxc3 Qc7 10. O-O Nxe5 11. Nxe5 Qxe5 12. Nf3 Qc7 13. Bg5 Nd7 14. Re1 Bd6 15. Nd4 Nc5 16. Nf5 Bxh2+ 17. Kh1 Nxd3 18. Qxd3 Be5 19. f4 Qxc3 20. Qb5+ Bd7 21. Nxg7+ Bxg7 22. Qxd5 Qc6 23. Qxc6 Bxc6 24. Rac1 Rc8 25. f5 Bd7 26. Rcd1 h5 27. Rd3 Bh6 28. Bf6 Rg8 29. Red1 Rc7 30. Rh3 Bg5 31. Be5 Rc5 32. Rhd3 Rxe5 33. Rxd7 Re1+ 0-1

[Event "57th Biel Festival ATO 2024"]
[Site "Biel"]
[Date "2024.07.19"]
[Round "4.12"]
[White "King, Alexander"]
[Black "Hofer, Friedrich"]
[Result "1-0"]
[ECO "D00"]
[WhiteElo "1935"]
[BlackElo "1798"]
[Annotator "ChessBase"]
[PlyCount "63"]
[EventDate "2024.07.03"]
[EventType "swiss"]
[EventCountry "SUI"]
[SourceTitle "playchess.com"]
[Source "ChessBase"]
[SourceQuality "1"]
[TimeControl "40/5400+30:1800+30"]

1. d4 d5 2. Bf4 Nf6 3. e3 c5 4. dxc5 Nc6 5. Bb5 Bd7 6. c3 e5 7. Bxc6 exf4 8. Bxd7+ Qxd7 9. exf4 Bxc5 10. Ne2 O-O 11. Nd2 Rad8 12. Nf3 Ne4 13. O-O Qb5 14. Qc2 Rfe8 15. Ned4 Qa6 16. a3 Qh6 17. g3 Qh3 18. Qa4 h6 19. Kh1 Qg4 20. Kg2 a6 21. Rad1 Qc8 22. Rd3 Ba7 23. Qc2 g5 24. fxg5 hxg5 25. Qc1 f6 26. h3 Kf7 27. g4 Rh8 28. Nf5 Qc4 29. Qd1 Bb8 30. Rd4 Qc5 31. Qb3 b5 32. Rxe4 1-0

[Event "57th Biel Festival ATO 2024"]
[Site "Biel"]
[Date "2024.07.19"]
[Round "4.13"]
[White "Richard, Jean-Paul"]
[Black "Schneuwly, Achim"]
[Result "0-1"]
[ECO "B48"]
[WhiteElo "1796"]
[BlackElo "1933"]
[Annotator "RC"]
[PlyCount "35"]
[EventDate "2024.07.03"]
[EventType "swiss"]
[EventCountry "SUI"]
[SourceTitle "playchess.com"]
[Source "ChessBase"]
[SourceQuality "1"]
[TimeControl "40/5400+30:1800+30"]

1. e4 c5 2. Nf3 Nc6 3. d4 cxd4 4. Nxd4 Qc7 5. Nc3 e6 6. Be3 Nf6 7. f3 a6 8. Qd2 Bb4 9. a3 Be7 10. Be2 b5 11. O-O Bb7 12. f4 Rc8 13. e5 Nxd4 14. Bxd4 Nd5 15. Bf3 Nb6 16. Bxb7 Nc4 17. Kh1 Bc5 18. h3 0-1